 Dungeon Crawl Stone Soup version 0.25-a0-785-gb22c70e859 (webtiles) character file.

Game seed: 5751329724287655014, levelgen mode: deterministic

98970 mortelune the Sharpshooter (level 16, -13/104 HPs)
             Began as a Kobold Berserker on Apr 17, 2020.
             Was an Elder of Trog.
             Mangled by Donald
             ... wielding a +2 double sword of electrocution
              (14 damage)
             ... on level 1 of the Orcish Mines.
             The game lasted 01:14:08 (26277 turns).

mortelune the Sharpshooter (Kobold Berserker)      Turns: 26277, Time: 01:14:09

Health: -13/104    AC: 14    Str: 28    XL:     16   Next: 74%
Magic:  0/22       EV: 32    Int:  6    God:    Trog [****..]
Gold:   635        SH:  0    Dex: 21    Spells: 15/15 levels left

rFire    . . .     SeeInvis +   b - +3 arbalest (flame)
rCold    + . .     Gourm    .   (shield currently unavailable)
rNeg     + . .     Faith    .   t - +4 leather armour of the Hippo {*Slow rN+ Slay+5}
rPois    .         Spirit   +   Q - +0 helmet of Birdsong {rC+ Regen+ Str+7}
rElec    .         Reflect  .   V - +2 cloak {MR+}
rCorr    .         Harm     .   o - +1 pair of gloves
MR       ++...                  (no boots)
Stlth    +++++.....             Y - amulet "Guwkuol" {Spirit Str+2 Int-5 Dex+3 SInv}
HPRegen  0.67/turn              p - +4 ring of dexterity
MPRegen  0.18/turn              P - +4 ring of evasion

@: about to teleport
A: small, carnivore
a: Berserk, Trog's Hand, Brothers in Arms, Renounce Religion


You were on level 1 of the Orcish Mines.
You worshipped Trog.
Trog was greatly pleased with you.
You were not hungry.

You visited 4 branches of the dungeon, and saw 24 of its levels.
You visited 1 bazaar.
You also visited: Gauntlet.

You collected 1841 gold pieces.
You spent 1206 gold pieces at shops.

Inventory:

Hand Weapons
 a - a +8 vorpal quick blade
 b - a +3 arbalest of flaming (weapon)
 U - the +6 dagger "Repriq" {antimagic, Str+3 Int+2}
   (Trog gifted it to you on level 11 of the Dungeon)

   It reduces the magical energy of the wielder, and disrupts the spells and
   magical abilities of those hit.
   Natural abilities and divine invocations are not affected.
   It affects your strength (+3).
   It affects your intelligence (+2).
Missiles
 j - 69 bolts (quivered)
Armour
 o - a +1 pair of gloves (worn)
 t - the +4 leather armour of the Hippo (worn) {*Slow rN+ Slay+5}
   (You found it on level 6 of the Lair of Beasts)

   It affects your accuracy and damage with ranged weapons and melee attacks
   (+5).
   It protects you from negative energy.
   It may slow you when you take damage.
 B - +1 swamp dragon scales
 Q - the +0 helmet of Birdsong (worn) {rC+ Regen+ Str+7}
   (You found it in a Gauntlet)

   It affects your strength (+7).
   It protects you from cold.
   It increases your rate of regeneration.
 T - a scarf of cloud immunity
 V - a +2 cloak of magic resistance (worn)
Jewellery
 p - a +4 ring of dexterity (left hand)
 s - an uncursed ring of resist corrosion
 x - an uncursed ring of protection from magic
 P - a +4 ring of evasion (right hand)
 Y - the amulet "Guwkuol" (around neck) {Spirit Str+2 Int-5 Dex+3 SInv}
   (You found it on level 6 of the Lair of Beasts)

   [amulet of guardian spirit]

   It causes incoming damage to be split between your health and magic.
   It affects your strength (+2).
   It affects your intelligence (-5).
   It affects your dexterity (+3).
   It lets you see invisible.
Wands
 f - a wand of polymorph (17)
 v - a wand of flame (78)
 y - a wand of enslavement (7)
 A - a wand of disintegration (48)
 C - a wand of clouds (1)
 D - a wand of digging (9)
 F - a wand of paralysis (17)
 G - a wand of acid (11)
 H - a wand of iceblast (12)
Scrolls
 e - a scroll of magic mapping
 g - 11 scrolls of teleportation
 h - 4 scrolls of fear
 l - 3 scrolls of summoning
 w - 4 scrolls of enchant weapon
 E - a scroll of silence
 J - 4 scrolls of enchant armour
 K - 5 scrolls of immolation
 R - a scroll of fog
 Z - 4 scrolls of remove curse
Potions
 d - 3 potions of mutation
 i - 3 potions of curing
 k - 5 potions of haste
 m - 2 potions of berserk rage
 q - a potion of invisibility
 u - 7 potions of stabbing
 z - 5 potions of lignification
 I - a potion of cancellation
 L - 3 potions of resistance
 N - 2 potions of magic
 O - 3 potions of might
 S - 3 potions of brilliance
 X - 2 potions of flight
Miscellaneous
 M - 2 phantom mirrors
 W - a box of beasts
Comestibles
 c - 51 rations


   Skills:
 + Level 13.3 Fighting
 - Level 14.5 Short Blades
 * Level 16.8 Crossbows
 + Level 7.0 Armour
 + Level 14.0 Dodging
 - Level 12.2 Stealth
 + Level 9.1 Evocations


You had 15 spell levels left.
You didn't know any spells.
Your spell library contained the following spells:

 Spells                   Type           Power        Failure   Level  Hunger
 Foxfire                  Conj/Fire      #...         50%         1    ##.....
 Magic Dart               Conj           #...         50%         1    ##.....
 Blink                    Tloc           N/A          63%         2    ###....
 Call Imp                 Summ           #.......     63%         2    ###....
 Slow                     Hex            #.......     63%         2    ###....
 Swiftness                Chrm/Air       #.......     63%         2    ###....
 Conjure Flame            Conj/Fire      #.......     86%         3    ####...
 Inner Flame              Hex/Fire       #.......     86%         3    ####...
 Mephitic Cloud           Conj/Pois/Air  #.......     86%         3    ####...
 Cause Fear               Hex            #.........   99%         4    #####..
 Sticky Flame             Conj/Fire      #.......     99%         4    #####..
 Fireball                 Conj/Fire      #.........   100%        5    ######.
 Silence                  Hex/Air        #.........   100%        5    ######.
 Yara's Violent Unravell  Hex/Tmut       #.........   100%        5    ######.
 Conjure Ball Lightning   Conj/Air       #.........   100%        6    #######
 Deflect Missiles         Chrm/Air       #.........   100%        6    #######
 Discord                  Hex            #.........   100%        8    #######


Dungeon Overview and Level Annotations

Branches:
Dungeon (15/15)            Temple (1/1) D:6            Lair (6/6) D:11
 Shoals (0/4) Lair:3        Snake (0/4) Lair:2        Slime (0/5) Lair:6
    Orc (2/2) D:9             Elf (0/3) Orc:2        Vaults (0/5) D:13
 Depths (0/5) D:15        Gauntlet (visited)

Altars:
Ashenzari
Cheibriados
Dithmenos
Elyvilon
Fedhas
Gozag
Hepliaklqana
Kikubaaqudgha
Makhleb
Nemelex Xobeh
Okawaru
Qazlal
Ru
Sif Muna
Trog
Uskayaw
Vehumet
Wu Jian
Xom
Yredelemnul
Zin
The Shining One
Beogh

Shops:
D:4 (   D:7 :   D:12 [   D:15 }   Orc:2 (

Annotations:
D:9 lac
D:14 2 transporters, Ucrul's ghost, journeyman VSBe
Orc:1 Donald


Innate Abilities, Weirdness & Mutations

You are small and have problems with some larger weapons.
You are carnivorous and can eat meat at any time.


Message History

A troll comes into view.
Donald hits you with a +2 double sword of electrocution!!
* * * LOW HITPOINT WARNING * * *
Donald says, "I heard Trog has abandonment issues."
There is a stone staircase leading up, spattered with blood here.
You see here a +0 dagger.
Donald completely misses you.
You climb upwards.
There is a stone staircase leading down, spattered with blood here.
As you read the scroll of fear, it crumbles to dust.
You assume a fearsome visage.
Donald resists with some effort.
Donald barely misses you. x2
As you read the scroll of teleportation, it crumbles to dust.
You feel strangely unstable.
Donald hits you with a +2 double sword of electrocution.
* * * LOW HITPOINT WARNING * * *
Donald hits you with a +2 double sword of electrocution!!
* * * LOW HITPOINT WARNING * * *
You are electrocuted!
You die...

###..........#.#.......#..#####
##.........#.##......#.##
#........#.####......###
##..........###....#.## #
#.##.......##.#....##.##
#####........#...........##
.#........................##
##...............[.........#####
#......#........@[.#........##.##
#.......##......@)####..........#
.......#.#......>..#........##.##
.........>......[[.........#####
#......))!................##
##.......).._..#.........##
#...##.............^....##
##.###...)......#......## ###
#....###...##....##


You could see Donald.

Vanquished Creatures
  Rupert (Orc:2)
  An orc warlord (Orc:1)
  A stone giant (Orc:1)
  3 dire elephants (Lair:6)
  A minotaur (Gauntlet)
  8 hydras
  2 ice dragons (D:15)
  A hell beast (Gauntlet)
  A catoblepas (Lair:5)
  3 centaur warriors
  An anaconda (Lair:6)
  2 dancing weapons (D:13)
  2 tengu warriors
  An orc high priest (Orc:1)
  7 two-headed ogres
  2 death yaks (Gauntlet)
  Nergalle (D:11)
  A fire crab (Lair:6)
  An unseen horror (shapeshifter) (D:14)
  5 unseen horrors
  Pikel (D:4)
  An orc sorcerer (Orc:2)
  2 orc knights (Orc:2)
  3 deep elf magi
  3 manticores
  2 cyclopes
  10 ugly things
  2 centaur zombies (D:11)
  2 merfolk sirens (Lair:3)
  4 elephants (Lair:6)
  Psyche (D:11)
  3 torpor snails
  3 black mambas
  2 gargoyles
  A rime drake (Lair:5)
  A kobold demonologist (D:12)
  7 spiny frogs
  Maggie (D:7)
  An efreet (D:15)
  10 komodo dragons
  An ice devil (Gauntlet)
  2 tengu conjurers
  4 trolls
  A queen bee (Lair:3)
  A wolf spider simulacrum (D:15)
  2 merfolk (Lair:3)
  A hornet (D:9)
  9 dream sheep
  25 blink frogs
  14 slime creatures
  9 hippogriffs
  A centaur simulacrum (D:14)
  6 wyverns
  5 shadows
  2 vampires
  3 wraiths
  Eustachio (D:5)
  A golden eye (Gauntlet)
  2 basilisks
  32 yaks
  Menkaure (D:4)
  A steam dragon (D:12)
  6 vampire mosquitoes
  3 hungry ghosts
  7 nagas (Lair:2)
  A soldier ant (D:13)
  An acid dragon (D:12)
  A warg (Orc:1)
  7 porcupines
  Duvessa (D:4)
  12 water moccasins
  2 hell hounds (Gauntlet)
  A meliai simulacrum (D:14)
  10 ice beasts
  13 orc warriors
  A slave (D:4)
  19 ogres
  4 sky beasts
  2 phantoms (D:5)
  30 wolves
  4 crocodiles
  12 centaurs
  2 big kobolds
  16 bullfrogs
  A gnoll sergeant (D:11)
  Dowan (D:4)
  6 scorpions
  A hornet simulacrum (D:14)
  49 killer bees
  A howler monkey (D:12)
  5 electric eels
  6 crimson imps
  3 quasits
  A bullfrog zombie (D:9)
  9 hounds
  5 jellies
  6 orc priests
  18 orc wizards
  2 bullfrog skeletons
  2 centaur skeletons
  4 iguanas
  4 hell rats (Lair:6)
  9 worker ants
  A killer bee zombie (D:3)
  A hound zombie (D:9)
  A hound skeleton (D:4)
  2 howler monkey skeletons
  17 adders
  11 gnolls
  A worker ant zombie (D:11)
  3 shadow imps
  2 white imps (Gauntlet)
  8 oozes
  2 adder skeletons
  An adder zombie (D:8)
  2 worms
  4 dart slugs
  6 leopard geckos
  78 orcs
  A ball python (D:3)
  12 bats
  A giant cockroach (D:2)
  7 goblins
  8 hobgoblins
  10 jackals
  11 kobolds
  2 quokkas
  12 frilled lizards
  4 rats (D:2)
  2 plants (Lair:6)
727 creatures vanquished.

Vanquished Creatures (collateral kills)
  A dire elephant (Lair:6)
  An ugly thing (D:15)
  A shining eye (Gauntlet)
  A floating eye (Gauntlet)
  An orc warrior (Orc:1)
5 creatures vanquished.

Vanquished Creatures (others)
  2 kobolds (D:9)
  A bush (D:1)
  3 butterflies (Lair:6)
  6 fungi
  2 plants
14 creatures vanquished.

Grand Total: 746 creatures vanquished

Notes
Turn   | Place    | Note
-------+----------+-------------------------------------------
     0 | D:1      | mortelune the Kobold Berserker began the quest for the Orb.
     0 | D:1      | Reached XP level 1. HP: 14/14 MP: 1/1
   179 | D:1      | Reached XP level 2. HP: 15/19 MP: 2/2
   749 | D:1      | Reached XP level 3. HP: 23/23 MP: 3/3
  1339 | D:2      | Reached skill level 5 in Short Blades
  1341 | D:2      | Reached ** piety under Trog
  1710 | D:2      | Reached XP level 4. HP: 24/29 MP: 4/4
  2921 | D:3      | Reached XP level 5. HP: 33/33 MP: 5/5
  3936 | D:4      | Reached XP level 6. HP: 37/39 MP: 6/6
  4004 | D:4      | Noticed Dowan
  4005 | D:4      | Noticed Duvessa
  4083 | D:4      | Noticed Menkaure
  4091 | D:4      | Killed Menkaure
  4091 | D:4      | Reached skill level 1 in Stealth
  4296 | D:4      | Found Qossycro's Antique Weapon Boutique.
  4303 | D:4      | Bought a runed arbalest for 232 gold pieces
  4310 | D:4      | Reached XP level 7. HP: 44/44 MP: 7/7
  4500 | D:4      | Found a sparkling altar of Nemelex Xobeh.
  4505 | D:4      | Reached *** piety under Trog
  4529 | D:4      | Noticed Pikel
  4552 | D:4      | Killed Pikel
  4552 | D:4      | Reached skill level 5 in Fighting
  4552 | D:4      | Reached skill level 2 in Crossbows
  4552 | D:4      | Reached skill level 5 in Dodging
  4552 | D:4      | Reached XP level 8. HP: 50/50 MP: 8/8
  4762 | D:4      | Killed Duvessa
  4765 | D:4      | Killed Dowan
  4936 | D:5      | Entered Level 5 of the Dungeon
  5006 | D:5      | Reached skill level 3 in Crossbows
  5220 | D:5      | Noticed Eustachio
  5315 | D:5      | Reached XP level 9. HP: 55/55 MP: 9/9
  5338 | D:5      | Killed Eustachio
  5501 | D:5      | Reached skill level 4 in Crossbows
  6013 | D:6      | Reached skill level 10 in Short Blades
  6277 | D:6      | Found a staircase to the Ecumenical Temple.
  6329 | Temple   | Entered the Ecumenical Temple
  6761 | D:6      | Found a stormy altar of Qazlal.
  6913 | D:6      | Reached skill level 5 in Crossbows
  7324 | D:6      | Identified the Collected Works on Weightlessness
  7436 | D:7      | Noticed Maggie
  7448 | D:7      | Killed Maggie
  7448 | D:7      | Reached XP level 10. HP: 50/63 MP: 10/10
  7738 | D:7      | Found Reojoocw's Book Emporium.
  7872 | D:7      | Reached **** piety under Trog
  8416 | D:8      | Reached skill level 6 in Crossbows
  9384 | D:8      | Reached skill level 5 in Armour
  9589 | D:9      | Reached XP level 11. HP: 60/68 MP: 11/11
  9638 | D:9      | Reached skill level 7 in Crossbows
  9657 | D:9      | Reached ***** piety under Trog
  9657 | D:9      | Received a gift from Trog
  9949 | D:9      | Noticed a two-headed ogre
  9951 | D:9      | Killed a two-headed ogre
 10110 | D:9      | Found a staircase to the Orcish Mines.
 10512 | D:9      | Reached skill level 8 in Crossbows
 10512 | D:9      | Reached XP level 12. HP: 76/76 MP: 12/12
 10538 | D:10     | Entered Level 10 of the Dungeon
 10607 | D:10     | Reached skill level 9 in Crossbows
 10888 | D:10     | Reached skill level 10 in Dodging
 11616 | D:10     | Killed an unseen horror
 11877 | D:11     | Found a flickering gateway to a bazaar.
 11910 | Bazaar   | Entered a bazaar
 11912 | Bazaar   | Found Neonyr's Armour Boutique.
 11916 | Bazaar   | Found Misiwkob's Antique Armour Boutique.
 11916 | Bazaar   | Found Cooke's Gadget Boutique.
 11917 | Bazaar   | Found Wupsarid's Book Boutique.
 11950 | Bazaar   | Bought a phantom mirror for 330 gold pieces
 11977 | D:11     | Found a staircase to the Lair.
 12253 | D:11     | Noticed a two-headed ogre
 12258 | D:11     | Killed a two-headed ogre
 12258 | D:11     | Reached skill level 10 in Crossbows
 12272 | D:11     | Noticed Nergalle
 12299 | D:11     | Killed Nergalle
 12347 | D:11     | Killed an unseen horror
 12347 | D:11     | Reached skill level 10 in Fighting
 12347 | D:11     | Reached XP level 13. HP: 73/82 MP: 13/13
 12445 | D:11     | Received a gift from Trog
 12538 | D:11     | Noticed Psyche
 12546 | D:11     | Killed Psyche
 12546 | D:11     | Reached skill level 5 in Stealth
 13130 | D:12     | Reached skill level 11 in Crossbows
 13766 | D:12     | Found Dadwirgh's Antique Armour Shop.
 14316 | Lair:1   | Entered Level 1 of the Lair of Beasts
 14332 | Lair:1   | Reached skill level 12 in Crossbows
 14488 | D:11     | Received a gift from Trog
 14503 | D:11     | Got a jewelled dagger {god gift}
 14504 | D:11     | Identified the +6 dagger "Repriq" {antimagic, Str+3 Int+2}
                  | (Trog gifted it to you on level 11 of the Dungeon)
 15510 | Lair:2   | Found a gate leading to a gauntlet.
 15518 | Gauntlet | Entered a Gauntlet
 15518 | Gauntlet | Found a transporter.
 15530 | Gauntlet | Found a transporter.
 15531 | Gauntlet | Found a transporter.
 15532 | Gauntlet | Found a transporter.
 15539 | Gauntlet | Found a transporter.
 15542 | Gauntlet | Found a transporter.
 15543 | Gauntlet | Found a transporter.
 15551 | Gauntlet | Found a transporter.
 15554 | Gauntlet | Found a transporter.
 15555 | Gauntlet | Found a transporter.
 15563 | Gauntlet | Found a transporter.
 15566 | Gauntlet | Found a transporter.
 15567 | Gauntlet | Found a transporter.
 15571 | Gauntlet | Noticed a hell beast
 15580 | Gauntlet | Found a transporter.
 15727 | Gauntlet | Reached skill level 1 in Evocations
 15920 | Gauntlet | HP: 5/126 [hell beast (7)]
 15926 | Gauntlet | Killed a hell beast
 15926 | Gauntlet | Reached XP level 14. HP: 9/90 MP: 15/15
 16025 | Gauntlet | Got a fine helmet
 16031 | Gauntlet | Identified the cursed +0 helmet of Birdsong {rC+ Regen+
                  | Str+7} (You found it in a Gauntlet)
 16054 | Gauntlet | Noticed a minotaur
 16082 | Gauntlet | Killed a minotaur
 16464 | Lair:2   | Reached skill level 13 in Crossbows
 16616 | Lair:2   | Found a staircase to the Snake Pit.
 17440 | Lair:3   | Found a staircase to the Shoals.
 17696 | Lair:3   | Received a gift from Trog
 18649 | Lair:4   | Reached skill level 5 in Evocations
 18655 | Lair:4   | Reached skill level 14 in Crossbows
 18679 | Lair:4   | Reached skill level 10 in Stealth
 19469 | Lair:5   | Received a gift from Trog
 19469 | Lair:5   | Reached XP level 15. HP: 83/96 MP: 19/19
 19694 | Lair:5   | You fall into a shaft and drop 1 floor!
 19694 | Lair:6   | Entered Level 6 of the Lair of Beasts
 20388 | Lair:5   | Received a gift from Trog
 21238 | Lair:6   | Found a staircase to the Slime Pits.
 21698 | Lair:6   | Reached skill level 15 in Crossbows
 21818 | Lair:6   | Got a heavily runed amethyst amulet
 21826 | Lair:6   | Identified the amulet "Guwkuol" {Spirit Str+2 Int-5 Dex+3
                  | SInv} (You found it on level 6 of the Lair of Beasts)
 21848 | Lair:6   | Identified the +4 leather armour of the Hippo {*Slow rN+
                  | Slay+5} (You found it on level 6 of the Lair of Beasts)
 23082 | D:13     | Found a gate to the Vaults.
 23523 | D:14     | Reached XP level 16. HP: 103/103 MP: 21/21
 23883 | D:14     | Reached skill level 16 in Crossbows
 23964 | D:14     | Found a transporter.
 23968 | D:14     | Noticed Ucrul's ghost (journeyman VSBe)
 24049 | D:14     | Found a transporter.
 24117 | D:14     | Got a distressingly furry ring mail
 24128 | D:14     | Identified the cursed +0 ring mail of Bedevilment {Stlth+}
                  | (You found it on level 14 of the Dungeon)
 24204 | D:14     | Found a shadowy altar of Dithmenos.
 24272 | D:15     | Entered Level 15 of the Dungeon
 24495 | D:15     | Found Xatzemub's Gadget Shop.
 25160 | D:15     | Found a staircase to the Depths.
 25368 | D:12     | Bought a runed cloak for 210 gold pieces
 25368 | D:12     | Bought an embroidered scarf for 224 gold pieces
 25368 | D:12     | Bought a pair of runed gloves for 210 gold pieces
 25524 | Orc:1    | Entered Level 1 of the Orcish Mines
 25689 | Orc:1    | Found a roughly hewn altar of Beogh.
 25724 | Orc:1    | Received a gift from Trog
 25858 | Orc:2    | Entered Level 2 of the Orcish Mines
 25880 | Orc:2    | Noticed Rupert
 25894 | Orc:2    | Killed Rupert
 26085 | Orc:2    | Found a staircase to the Elven Halls.
 26094 | Orc:2    | Found Ekuel's Antique Weapon Emporium.
 26261 | Orc:2    | Noticed Donald
 26277 | Orc:1    | HP: 1/104 [Donald/+2 double sword of electrocution (19)]
 26277 | Orc:1    | Mangled by Donald

Levels and vault maps discovered:
D:1:      dpeg_arrival_simpleton_a, layout_basic, serial_forest,
          infiniplex_forest_clump_medium, infiniplex_forest_clump_medium,
          infiniplex_forest_clump_small, infiniplex_forest_clump_tiny,
          infiniplex_forest_straight_3, infiniplex_forest_lined_3,
          infiniplex_forest_end_2
D:2:      layout_basic, minmay_lizard_pond
D:3:      layout_basic
D:4:      layout_rooms, serial_shops, shop, first_ration,
          nemelex_dance_club_becter, uniq_duvessa, uniq_menkaure, uniq_pikel
D:5:      layout_cave_pods, uniq_eustachio
D:6:      layout_basic, nicolae_qazlal_eye_of_the_storm,
          minmay_temple_entry_wispy
D:7:      layout_loops_cross, serial_shops, kennysheep_mini_moat, uniq_maggie
D:8:      layout_rooms
D:9:      minmay_twisted_water, layout_basic
D:10:     layout_gridville
D:11:     layout_stronghold, lair_entry_dummy, serial_shops, bzr_entry_lakeside,
          uniq_nergalle, uniq_psyche
D:12:     layout_loops_ring, serial_shops, shop_statue
D:13:     layout_cave_pools, erik_vaults_1, grunt_ogre_cave
D:14:     layout_roguey, minmay_misc_feat_columns, gammafunk_ghost_stat_death,
          grunt_dithmenos_shadows
D:15:     grunt_enter_depths_hoard, layout_gridville, serial_park_tiny_2,
          serial_shops, nicolae_shop_stone
Temple:   kilobyte_greek_temple
Lair:1:   layout_long_grid
Lair:2:   layout_roguey, minmay_snake_entry_guardpost_medium,
          gauntlet_entry_generic, minmay_stone_trees_medium, grunt_megastairs_2
Lair:3:   layout_roguey [special_room_bee], elwin_shoals_entry_stream,
          nicolae_quartered_pool_little
Lair:4:   layout_regular_city, serial_bayou_shore_a
Lair:5:   layout_cave_pods, lemuel_fruit_fields, infiniplex_staircase_pool
Lair:6:   due_jungle_book, layout_misc_corridors,
          nicolae_slime_entry_slimehenge, lemuel_fruit_fields
Orc:1:    layout_diamond_mine, basic_altar
Orc:2:    grunt_orc_gardens, layout_caves, grunt_orc_garden, grunt_orc_garden,
          grunt_orc_garden, grunt_orc_garden, gammafunk_ghost_stat_death,
          nicolae_orc_lava_tube, uniq_donald, uniq_rupert

Skill      XL: |  1  2  3  4  5  6  7  8  9 10 11 12 13 14 15 16 |
---------------+-------------------------------------------------+-----
Dodging        | 3 4 5 7 8 9 10 11 12 13 14 | 14.0
Short Blades   | 5 6 7 8 9 11 12 14 | 14.5
Fighting       | 4 5 6 7 8 9 10 11 12 13 | 13.3
Stealth        | 2 4 8 10 11 12 | 12.2
Crossbows      | 2 3 5 6 8 10 12 14 15 16 | 16.8
Armour         | 2 3 4 5 6 7 |  7.0
Evocations     | 2 5 7 9 |  9.1

Action                   |  1- 3 |  4- 6 |  7- 9 | 10-12 | 13-15 | 16-18 || total
-------------------------+-------+-------+-------+-------+-------+-------++-------
Melee: Short sword       |   109 |   176 |   183 |   238 |       |       ||   706
       Rapier            |       |       |       |   213 |   829 |       ||  1042
       Quick blade       |       |       |       |       |   518 |   362 ||   880
 Fire: Arbalest          |       |       |    62 |    80 |   256 |    57 ||   455
Throw: Stone             |       |       |       |       |     1 |       ||     1
Invok: Berserk           |     1 |     4 |     3 |     3 |     7 |     2 ||    20
       Trog's Hand       |       |     1 |     4 |     3 |     8 |     1 ||    17
       Brothers in Arms  |       |       |       |       |     3 |     3 ||     6
Evoke: Wand              |       |       |     1 |       |     1 |       ||     2
  Use: Scroll            |       |     8 |       |    10 |    18 |     8 ||    44
       Potion            |       |       |       |     7 |     3 |     2 ||    12
 Stab: Distracted        |       |     1 |       |       |     2 |     1 ||     4
       Sleeping          |       |       |     2 |     4 |    10 |    16 ||    32
       Petrified         |       |       |       |       |     1 |       ||     1
  Eat: Chunk             |     8 |    12 |    13 |    22 |    49 |    11 ||   115
Armor: Animal skin       |     9 |       |       |       |       |       ||     9
       Leather armour    |     2 |    21 |       |       |     8 |    22 ||    53
       Scale mail        |       |       |    53 |       |       |       ||    53
       Swamp dragon scal |       |       |       |    87 |   164 |       ||   251
Dodge: Dodged            |    91 |   118 |   140 |   316 |  1059 |   259 ||  1983

Table legend:
 A = Non-vault XP
 B = Vault XP
 C = Vault XP percentage of total XP
 D = Non-vault monster count
 E = Vault monster count
 F = Vault count percentage of total count
                 A         B        C        D         E       F
            +---------+---------+-------+---------+---------+-------
      Total |  101126 |   30852 |  23.4 |     613 |     116 |  15.9
            +---------+---------+-------+---------+---------+-------
        D:1 |      42 |       0 |   0.0 |      21 |       0 |   0.0
        D:2 |      69 |       9 |  11.5 |      24 |       9 |  27.3
        D:3 |     131 |       0 |   0.0 |      22 |       0 |   0.0
        D:4 |     174 |    1063 |  85.9 |      11 |       6 |  35.3
        D:5 |     814 |     197 |  19.5 |      28 |       1 |   3.4
        D:6 |    1328 |       0 |   0.0 |      32 |       0 |   0.0
        D:7 |    1047 |     370 |  26.1 |      19 |       1 |   5.0
        D:8 |    2137 |       0 |   0.0 |      36 |       0 |   0.0
        D:9 |    3026 |     874 |  22.4 |      27 |       7 |  20.6
       D:10 |    2571 |       0 |   0.0 |      22 |       0 |   0.0
       D:11 |    5066 |    1279 |  20.2 |      22 |       2 |   8.3
       D:12 |    9648 |       0 |   0.0 |      61 |       0 |   0.0
       D:13 |    8767 |    2723 |  23.7 |      44 |       3 |   6.4
       D:14 |   10592 |     208 |   1.9 |      39 |       1 |   2.5
       D:15 |   11350 |    2024 |  15.1 |      36 |       2 |   5.3
     Lair:1 |    2600 |     116 |   4.3 |      11 |       1 |   8.3
     Lair:2 |    4828 |    1784 |  27.0 |      18 |      13 |  41.9
     Lair:3 |    3907 |    3499 |  47.2 |      18 |      31 |  63.3
     Lair:4 |    9458 |       0 |   0.0 |      34 |       0 |   0.0
     Lair:5 |   11223 |       0 |   0.0 |      38 |       0 |   0.0
     Lair:6 |    8889 |    2936 |  24.8 |      22 |       9 |  29.0
      Orc:1 |    2269 |    3609 |  61.4 |      16 |       8 |  33.3
      Orc:2 |    1190 |    4405 |  78.7 |      12 |       5 |  29.4
   Gauntlet |       0 |    5756 | 100.0 |       0 |      17 | 100.0
            +---------+---------+-------+---------+---------+-------
